 Dungeon Crawl Stone Soup version 0.21-a0-518-g43a1781948 (webtiles) character file.

72 Kaname the Conjurer (level 4, 28/30 HPs)
             Began as a Demonspawn Wizard on Dec 4, 2017.
             Was an Initiate of Vehumet.
             Quit the game on level 2 of the Dungeon.
             The game lasted 00:03:47 (1057 turns).

Kaname the Conjurer (Demonspawn Wizard)             Turns: 1057, Time: 00:03:48

Health: 28/30      AC:  4    Str:  8    XL:     4   Next: 7%
Magic:  4/8        EV: 12    Int: 24    God:    Vehumet [......]
Gold:   84         SH:  0    Dex: 11    Spells: 3/9 levels left

rFire    . . .     SeeInvis .   f - +0 short sword
rCold    . . .     Gourm    .   (no shield)
rNeg     . . .     Faith    .   a - +0 robe
rPois    .         Spirit   .   b - +0 hat
rElec    .         Reflect  .   (no cloak)
rCorr    .         Harm     .   (no gloves)
MR       .....                  (no boots)
Stlth    ++........             (no amulet)
HPRegen  0.10/turn              g - +4 ring of intelligence
MPRegen  0.11/turn              (no ring)

@: no status effects
A: slimy green scales 1, spiny 1
a: Renounce Religion


You were on level 2 of the Dungeon.
You worshipped Vehumet.
Vehumet was noncommittal.
You were not hungry.

You visited 1 branch of the dungeon, and saw 2 of its levels.

You collected 84 gold pieces.

Inventory:

Hand Weapons
 f - a +0 short sword (weapon)
Armour
 a - a +0 robe (worn)
 b - a +0 hat (worn)
Jewellery
 g - a +4 ring of intelligence (left hand)
Scrolls
 k - a scroll of remove curse {unknown}
 m - a scroll of identify {unknown}
Potions
 e - a potion of degeneration {unknown}
 i - a potion of lignification {unknown}
 l - a potion of curing {unknown}
Books
 c - a book of Minor Magic

   Spells                             Type                      Level
   a - Magic Dart                     Conjuration                  1
   b - Blink                          Translocation                2
   c - Call Imp                       Summoning                    2
   d - Slow                           Hexes                        2
   e - Conjure Flame                  Conjuration/Fire             3
   f - Mephitic Cloud                 Conjuration/Poison/Air       3
Comestibles
 d - 2 bread rations
 h - 2 meat rations
 j - 3 chunks of flesh


   Skills:
 - Level 1.7 Dodging
 - Level 1.7 Stealth
 - Level 3.0 Spellcasting
 + Level 3.4 Conjurations
   Level 1.0 Summonings
 - Level 1.2 Translocations
 - Level 0.5 Air Magic
 - Level 1.0 Poison Magic


You had 3 spell levels left.
You knew the following spells:

 Your Spells              Type           Power        Failure   Level  Hunger
a - Magic Dart            Conj           ###.         2%          1    None
b - Blink                 Tloc           N/A          10%         2    ##.....
c - Mephitic Cloud        Conj/Pois/Air  ##......     16%         3    ###....


Dungeon Overview and Level Annotations

Branches:
Dungeon (2/15)

Altars:
Dithmenos
Okawaru
Vehumet


Innate Abilities, Weirdness & Mutations

You are partially covered in slimy green scales. (AC +2)
You are partially covered in sharp spines.


Message History

Casting: Magic Dart
Confirm with . or Enter, or press ? or * to list all spells.
Aiming: Magic Dart
Press: ? - help, Shift-Dir - straight line, f/p - adder
Aim: an adder (moderately wounded)
The magic dart hits the adder.
The adder is severely wounded.
Unknown command.
Casting: Magic Dart
Confirm with . or Enter, or press ? or * to list all spells.
Aiming: Magic Dart
Press: ? - help, Shift-Dir - straight line, f/p - adder
Aim: an adder (heavily wounded)
The magic dart hits the adder.
You kill the adder!
Vehumet accepts your kill.
You have reached level 4!
You feel stronger.
Your demonic ancestry asserts itself...
Slimy green scales grow over part of your body.
Are you sure you want to abandon this character and quit the game? (Confirm with "yes".)

###### ###### ##....#
#....# .
#...#...###....# .#
###.#...#......# .#
#>#...#....# .#
#.#........#
.#####.#........########
.......)........@.......
....####...#....###.....
..#.# #####....# ...
....# ## #..### .
..#..... ##.# ..+...†..
#.# ..#...... #.#
......... #.. .###+####
##


There were no monsters in sight!

Vanquished Creatures
  2 adders (D:2)
  An ooze (D:1)
  2 worms (D:2)
  A leopard gecko (D:1)
  2 giant cockroaches (D:1)
  6 goblins
  3 hobgoblins (D:1)
  9 jackals (D:1)
  2 kobolds
  5 bats (D:1)
  8 rats
41 creatures vanquished.

Notes
Turn   | Place    | Note
-------+----------+-------------------------------------------
     0 | D:1      | Kaname the Demonspawn Wizard began the quest for the Orb.
     0 | D:1      | Reached XP level 1. HP: 13/13 MP: 4/4
   120 | D:1      | Gained mutation: You are partially covered in sharp spines. [demonic ancestry]
   120 | D:1      | Reached XP level 2. HP: 7/19 MP: 0/6
   421 | D:1      | Reached XP level 3. HP: 24/24 MP: 2/7
   425 | D:1      | Learned a level 2 spell: Blink
   434 | D:1      | Learned a level 3 spell: Mephitic Cloud
   447 | D:1      | Reached skill level 1 in Translocations
   878 | D:2      | Reached skill level 1 in Poison Magic
   988 | D:2      | Found an iron altar of Okawaru.
   990 | D:2      | Found a radiant altar of Vehumet.
   991 | D:2      | Found a shadowy altar of Dithmenos.
   997 | D:2      | Became a worshipper of Vehumet
  1056 | D:2      | Gained mutation: You are partially covered in slimy green scales. (AC +2) [demonic ancestry]
  1056 | D:2      | Reached XP level 4. HP: 27/30 MP: 4/8
  1057 | D:2      | Quit the game

Vault maps used:
D:1:      dpeg_arrival_subterranean_lakeside_camping,
          hangedman_decor_diamond_cutter
D:2:      chequers_temple_overflow_minitemple, marbit_many_paths,
          gammafunk_temple_overflow_forgotten

Skill      XL: |  1  2  3 |
---------------+----------+-----
Conjurations   | 2 3 |  3.4
Translocations | 1 |  1.2
Poison Magic   | 1 |  1.0
Dodging        | |  1.7
Stealth        | |  1.7
Spellcasting   | |  3.0
Summonings     | |  1.0
Air Magic      | |  0.5

Action                   |  1- 3 |  4- 6 || total
-------------------------+-------+-------++-------
Melee: Short sword       |    53 |       ||    53
 Cast: Magic Dart        |    49 |     1 ||    50
 Stab: Distracted        |     1 |       ||     1
       Sleeping          |     1 |       ||     1
Armor: Robe              |    19 |       ||    19
Dodge: Dodged            |    31 |       ||    31

Table legend:
 A = Spawn XP
 B = Non-spawn XP
 C = Spawn XP percentage of total XP
 D = Spawn monster count
 E = Non-spawn monster count
 F = Spawn count percentage of total count
 G = Total turns spent on level
                    A         B        C        D         E        F      G
               +---------+---------+-------+---------+---------+-------+---------
         Total |       0 |     104 |   0.0 |       0 |      41 |   0.0 |  1057
               +---------+---------+-------+---------+---------+-------+---------
           D:1 |       0 |      61 |   0.0 |       0 |      33 |   0.0 |   867
           D:2 |       0 |      43 |   0.0 |       0 |       8 |   0.0 |   190
               +---------+---------+-------+---------+---------+-------+---------
